 Dungeon Crawl Stone Soup version 0.29.1-2-gbd0b4ee654 (webtiles) character file.

Game seed: 11655098920373684486

33 kingsuperguy the Chopper (level 3, 0/33 HPs)
             Began as a Hill Orc Monk on Nov 18, 2022.
             Slain by a worm (10 damage)
             ... on level 2 of the Dungeon.
             The game lasted 00:02:06 (1783 turns).

kingsuperguy the Chopper (Hill Orc Monk)            Turns: 1783, Time: 00:02:07

Health: 0/33       AC:  5    Str: 15    XL:     3   Next: 29%
Magic:  3/3        EV: 11    Int: 10    God:
Gold:   37         SH:  0    Dex: 13    Spells: 2/2 levels left

rFire   . . .      SeeInvis .   a - +0 hand axe
rCold   . . .      Faith    .   (no shield)
rNeg    . . .      Spirit   .   m - +0 ring mail
rPois   .          Reflect  .   (no helmet)
rElec   .          Harm     .   (no cloak)
rCorr   .          Rampage  .   (no gloves)
Will    .....                   (no boots)
Stlth   +.........              (no amulet)
HPRegen 0.11/turn               (no ring)
MPRegen 0.08/turn               (no ring)

@: no status effects
A: no striking features
a: no special abilities


You were on level 2 of the Dungeon.
You visited 1 branch of the dungeon, and saw 2 of its levels.

You collected 37 gold pieces.

Inventory:

Hand Weapons
 a - a +0 hand axe (weapon)
Missiles
 f - 10 poisoned darts (quivered)
Armour
 b - a +0 robe
 m - a +0 ring mail (worn)
Jewellery
 h - an amulet of regeneration
Scrolls
 e - a scroll of brand weapon {unknown}
 i - 2 scrolls of teleportation {unknown}
 j - a scroll of enchant weapon {unknown}
 k - a scroll of identify {unknown}
 l - a scroll of fear {unknown}
 n - a scroll of amnesia {unknown}
 o - a scroll of magic mapping {unknown}
Potions
 c - a potion of ambrosia
 d - 3 potions of curing {unknown}
 g - a potion of brilliance {unknown}


   Skills:
 + Level 4.1 Fighting
 + Level 4.8 Axes
 + Level 2.7 Dodging
 + Level 1.7 Stealth


You had 2 spell levels left.
You didn't know any spells.
Your spell library was empty.

Dungeon Overview and Level Annotations

Branches:
Dungeon (2/15)

Altars:

Shops:
D:1 !


Message History

Moving in this stuff is going to be slow.
There is an open door here.
You open the door.
There is an open door here.
You see here a +0 short sword.
There is an escape hatch in the floor here.
You slide downwards.
The hatch slams shut behind you.
The adder hisses angrily.
The frilled lizard hisses angrily.
You hear a shout!
Found 13 gold pieces, 6 stones and a scroll labelled WUACRU CIXZO.
Found a stone staircase leading down.
You hit the frilled lizard.
You kill the frilled lizard!
Found a scroll labelled KOFENN SOBEDU.
The worm bites you!
You hit the worm but do no damage. The worm bites you.
You hit the worm.
The worm is moderately wounded.
You barely miss the worm.
The worm is moderately wounded.
The worm closely misses you.
A ball python comes into view.
You completely miss the worm.
The worm is lightly wounded.
The ball python hisses angrily.
You hit the adder. The adder completely misses you.
The worm closely misses you. The adder closely misses you.
You hit the adder.
The adder is heavily wounded.
You hit the worm but do no damage. The adder barely misses you.
You hit the adder.
The adder is severely wounded.
You hit the worm but do no damage. The adder barely misses you.
The worm bites you.
You are too injured to fight recklessly!
You are too injured to fight recklessly!
You are too injured to fight recklessly!
You miss the adder.
The adder is severely wounded.
You barely miss the worm. The adder bites you.
The adder bites you but does no damage. The worm bites you!
You die...

.... ..... .....
.....# ...... .
#>..####### ?#
#...w.....#...
#....@......##
###....SS†......
#...........###
#........$..#
#...............
#.......##.#....
#.......# .#....
#####...# ## ?..
(.... .


You could see a worm, an adder and a ball python.

Vanquished Creatures
  2 dart slugs (D:1)
  3 ball pythons (D:1)
  4 bats (D:1)
  An endoplasm (D:1)
  A giant cockroach (D:1)
  5 goblins (D:1)
  2 hobgoblins (D:1)
  A quokka (D:1)
  2 frilled lizards
  3 kobolds (D:1)
  3 rats (D:1)
27 creatures vanquished.

Notes
Turn   | Place    | Note
-------+----------+-------------------------------------------
     0 | D:1      | kingsuperguy the Hill Orc Monk began the quest for the Orb.
     0 | D:1      | Reached XP level 1. HP: 19/19 MP: 1/1
   263 | D:1      | Reached XP level 2. HP: 27/27 MP: 2/2
   904 | D:1      | Reached XP level 3. HP: 23/33 MP: 3/3
  1355 | D:1      | Found a faded altar of an unknown god.
  1628 | D:1      | Found Xiocwol's Distillery.
  1783 | D:2      | Slain by a worm

Illustrated notes

Levels and vault maps discovered:
D:1:      amcnicky_arrival_double_pillar, layout_loops_corners, serial_shops,
          nicolae_shop_behind_doors, shapermc_ecumenical_altar_hornbeckon,
          minmay_cut_off
D:2:      layout_rooms, minmay_misc_feat_square

Skill      XL: |  1  2 |
---------------+-------+-----
Fighting       | 4 |  4.1
Axes           | |  4.8
Dodging        | |  2.7
Stealth        | |  1.7

Action                   || total
-------------------------++-------
Melee: Hand axe          ||   104
Throw: Dart              ||     1
 Stab: Sleeping          ||     5
Armor: Robe              ||    25
       Ring mail         ||     7
Dodge: Dodged            ||    54
